 Dungeon Crawl Stone Soup version 0.20.1-1-g8b1a95d (webtiles) character file.

2809 Jannitor the Chiller (level 9, -8/52 HPs)
             Began as an Octopode Ice Elementalist on Oct 12, 2017.
             Was a Believer of the Shining One.
             Mangled by a wraith (13 damage)
             ... on level 7 of the Dungeon.
             The game lasted 00:23:14 (13352 turns).

Jannitor the Chiller (Octopode Ice Elementalist)   Turns: 13352, Time: 00:23:15

Health: -8/52      AC:  3    Str:  7    XL:     9   Next: 72%
Magic:  4/18       EV: 14    Int: 20    God:    the Shining One [**....]
Gold:   284        SH:  0    Dex: 13    Spells: 9/21 levels left

rFire    . . .     SeeInvis .   g - +0 spear
rCold    . . .     Gourm    .   (no shield)
rNeg     + . .     Faith    .   (helmet restricted)
rPois    .         Spirit   .   (no amulet)
rElec    .         Reflect  .   (no ring)
rCorr    .         Harm     .   (no ring)
MR       .....     Rnd*Tele +   (no ring)
Stlth    ++........             (no ring)
Regen    0.2/turn               (no ring)
MPRegen  0.2/turn               (no ring)
                                (no ring)
                                (no ring)

@: very slightly contaminated, hasted and slowed, glowing
A: almost no armour, stealthy swim, amphibious, 8 rings, constrict 8, molten
scales 1, camouflage 1, teleportitis 1, gelatinous body 1, MP-powered wands
a: Divine Shield, Renounce Religion


You were on level 7 of the Dungeon.
You worshipped the Shining One.
The Shining One was pleased with you.
You were very hungry.

You visited 1 branch of the dungeon, and saw 7 of its levels.

You collected 284 gold pieces.

Inventory:

Hand Weapons
 g - a +0 spear (weapon)
 t - a +0 lajatang
Missiles
 c - 4 stones (quivered)
Jewellery
 l - a +4 ring of evasion {unknown}
Wands
 v - a wand of paralysis (13/24)
Scrolls
 e - a scroll of torment {unknown}
 h - a scroll of amnesia {unknown}
 i - a scroll of recharging {unknown}
 k - 2 scrolls of fear {unknown}
 m - 3 scrolls of identify {unknown}
 o - 5 scrolls of enchant armour {unknown}
 p - 3 scrolls of blinking {unknown}
 q - 2 scrolls of remove curse {unknown}
 u - a scroll of magic mapping {unknown}
Potions
 n - a potion of cancellation
 r - a potion of curing
 w - a potion of haste
Books
 a - a book of Frost

   Spells                             Type                      Level
   a - Freeze                         Ice                          1
   b - Throw Frost                    Conjuration/Ice              2
   c - Ozocubu's Armour               Charms/Ice                   3
   d - Throw Icicle                   Conjuration/Ice              4
   e - Summon Ice Beast               Ice/Summoning                4
 d - a book of Callings

   Spells                             Type                      Level
   a - Summon Small Mammal            Summoning                    1
   b - Call Imp                       Summoning                    2
   c - Call Canine Familiar           Summoning                    3
   d - Summon Guardian Golem          Hexes/Summoning              3
   e - Summon Lightning Spire         Summoning/Air                4
   f - Summon Ice Beast               Ice/Summoning                4
Comestibles
 b - 4 bread rations
 f - 4 meat rations
 j - 4 royal jellies
 s - 6 fruits


   Skills:
 + Level 0.8 Fighting
 + Level 2.4 Dodging
 - Level 5.4 Stealth
 + Level 6.6 Spellcasting
 + Level 1.5 Conjurations
 + Level 5.5 Summonings
 - Level 7.4 Ice Magic
 + Level 5.5 Invocations


You had 9 spell levels left.
You knew the following spells:

 Your Spells              Type           Power        Failure   Level  Hunger
a - Freeze                Ice            ####         1%          1    None
b - Ozocubu's Armour      Chrm/Ice       ###.....     6%          3    #......
c - Summon Ice Beast      Ice/Summ       ####....     7%          4    ###....
d - Throw Icicle          Conj/Ice       ###.....     16%         4    ###....


Dungeon Overview and Level Annotations

Branches:
Dungeon (7/15)             Temple (0/1) D:4

Altars:
The Shining One

Annotations:
D:6 Pikel, Sigmund


Innate Abilities, Weirdness & Mutations

You cannot wear most types of armour.
You are very stealthy in the water. (Stealth+)
You are amphibious.
You can wear up to eight rings at the same time.
You can use your tentacles to constrict eight enemies at once.
Your skin changes colour to match your surroundings (Stealth+).
Your rubbery body absorbs attacks. (AC +1, EV +1)
You are partially covered in molten scales. (AC +2)
You are occasionally teleported next to monsters.
You expend magic power (3 MP) to strengthen your wands.


Message History

Your ice beast hits the wraith.
Your ice beast freezes the wraith.
The wraith resists.
Unknown command.
You hit the wraith but do no damage.
The wraith is heavily damaged.
The wraith hits you.
* * * LOW HITPOINT WARNING * * *
Your ice beast barely misses the wraith.
The wraith misses you.
Unknown command.
You hit the wraith but do no damage. Your squeeze misses the wraith.
The wraith is heavily damaged.
Your ice beast hits the wraith but does no damage.
The wraith hits your ice beast.
Your ice beast hits the wraith.
Your ice beast freezes the wraith!
The wraith resists.
Unknown command.
You hit the wraith.
The wraith is almost destroyed.
The wraith hits you!
You die...

#.# #........#
##.###### ##.#
#.###.##.# #.......#
...# #.# #.##.#
##.#####.# #### #.#
#.##.###..# #.#
#......##.# #.#
####.#.##.# #.#
#.#....#####.#
#.######W####.[.....#
#()....@Y# ##.######
########## #.# #.#
###########.####
##...##.........#
##.....#.####.##.#
#........####.##.#
#..............#.#
#........###...#.#


You could see a wraith and a friendly ice beast.

Vanquished Creatures
  A water moccasin (D:5)
  An ice beast (D:7)
  A sky beast (D:5)
  3 phantoms
  A necrophage (D:5)
  4 ogres
  2 centaurs
  3 bullfrogs
  3 scorpions
  A wight (D:7)
  A howler monkey (D:5)
  2 crimson imps
  A bullfrog zombie (D:6)
  A centaur zombie (D:5)
  4 orc priests
  4 hounds
  5 orc wizards
  4 worker ants
  A hound skeleton (D:5)
  6 adders
  8 gnolls
  A howler monkey skeleton (D:4)
  5 shadow imps
  3 oozes
  4 worms
  A dart slug (D:1)
  4 leopard geckos
  19 orcs
  8 giant cockroaches
  6 goblins
  10 hobgoblins
  12 jackals
  10 kobolds
  3 quokkas (D:3)
  7 bats
  6 frilled lizards
  A jackal zombie (D:5)
  9 rats
166 creatures vanquished.

Vanquished Creatures (collateral kills)
  2 orc warriors (D:7)
  A sky beast (D:7)
  A necrophage (D:7)
  A centaur (D:6)
  Blork the orc (D:6)
  A big kobold (D:7)
  2 wights (D:7)
  A jelly (D:6)
  An orc priest (D:7)
  An iguana (D:7)
  A worker ant (D:6)
  7 orcs
  4 jackals
  3 kobolds (D:7)
27 creatures vanquished.

Grand Total: 193 creatures vanquished

Notes
Turn   | Place    | Note
-------+----------+-------------------------------------------
     0 | D:1      | Jannitor the Octopode Ice Elementalist began the quest for the Orb.
     0 | D:1      | Reached XP level 1. HP: 11/11 MP: 3/3
    85 | D:1      | Reached XP level 2. HP: 3/17 MP: 0/5
  1167 | D:1      | Reached XP level 3. HP: 6/21 MP: 4/6
  2226 | D:2      | Learned a level 3 spell: Ozocubu's Armour
  2238 | D:2      | Reached XP level 4. HP: 23/27 MP: 8/8
  2550 | D:2      | HP: 1/27 [gnoll/enchanted spear (5)]
  3184 | D:2      | Reached XP level 5. HP: 31/31 MP: 6/9
  3248 | D:2      | Reached skill level 4 in Ice Magic
  4163 | D:3      | Reached skill level 5 in Stealth
  4306 | D:3      | Found a faded altar of an unknown god.
  4471 | D:3      | Became a worshipper of the Shining One
  4471 | D:3      | Reached * piety under the Shining One
  4494 | D:3      | Reached XP level 6. HP: 34/36 MP: 8/11
  4883 | D:4      | Noticed a phantom
  5137 | D:3      | Learned a level 4 spell: Summon Ice Beast
  5527 | D:5      | Entered Level 5 of the Dungeon
  5823 | D:5      | Reached skill level 1 in Summonings
  6077 | D:4      | Noticed a phantom
  6091 | D:4      | Reached skill level 5 in Ice Magic
  6105 | D:4      | Gained mutation: You are occasionally teleported next to monsters. [potion of mutation]
  6105 | D:4      | Gained mutation: You expend magic power (3 MP) to strengthen your wands. [potion of mutation]
  6105 | D:4      | Gained mutation: You are partially covered in molten scales. (AC +2) [potion of mutation]
  6127 | D:4      | Killed a phantom
  6127 | D:4      | Reached XP level 7. HP: 4/41 MP: 2/13
  6139 | D:4      | Found a staircase to the Ecumenical Temple.
  6933 | D:5      | Reached skill level 1 in Invocations
  7480 | D:5      | Reached XP level 8. HP: 39/46 MP: 15/15
  8101 | D:5      | Reached skill level 5 in Spellcasting
  8101 | D:5      | Reached skill level 6 in Ice Magic
  8468 | D:5      | Learned a level 4 spell: Throw Icicle
  8792 | D:5      | Reached ** piety under the Shining One
  8852 | D:5      | HP: 1/46 [ogre/giant spiked club (5)]
 10091 | D:6      | Noticed Blork the orc
 10101 | D:6      | Killed Blork the orc
 10225 | D:5      | Reached XP level 9. HP: 19/51 MP: 14/17
 10656 | D:6      | Noticed Pikel
 10705 | D:6      | Noticed Sigmund
 10942 | D:7      | Reached skill level 7 in Ice Magic
 10990 | D:7      | Reached skill level 5 in Summonings
 11381 | D:7      | Reached skill level 5 in Invocations
 12719 | D:7      | The Shining One protects you from harm!
 13346 | D:7      | The Shining One protects you from harm!
 13352 | D:7      | Mangled by a wraith

Skill      XL: |  1  2  3  4  5  6  7  8  9 |
---------------+----------------------------+-----
Stealth        | 3 4 5 |  5.4
Spellcasting   | 3 4 5 6 |  6.6
Ice Magic      | 4 5 6 7 |  7.4
Summonings     | 2 3 4 5 |  5.5
Invocations    | 1 4 5 |  5.5
Fighting       | |  0.8
Dodging        | |  2.4
Conjurations   | |  1.5

Action                   |  1- 3 |  4- 6 |  7- 9 || total
-------------------------+-------+-------+-------++-------
Melee: Unarmed           |    76 |       |       ||    76
       Tentacles         |    16 |    20 |    61 ||    97
       Constrict         |    21 |    30 |    65 ||   116
       Spear             |     8 |   155 |   424 ||   587
 Cast: Freeze            |    14 |    63 |    42 ||   119
       Ozocubu's Armour  |       |     7 |    16 ||    23
       Summon Ice Beast  |       |     1 |    22 ||    23
Invok: Divine Shield     |       |       |     2 ||     2
  Use: Potion            |       |     8 |     5 ||    13
       Scroll            |       |       |     1 ||     1
 Stab: Sleeping          |     6 |     9 |       ||    15
  Eat: Chunk             |     4 |    13 |    11 ||    28
       Bread ration      |       |       |     3 ||     3
       Royal jelly       |       |       |     1 ||     1
Armor: Skin              |     2 |    16 |    72 ||    90
Dodge: Dodged            |    49 |   107 |   273 ||   429
Block: Other             |       |       |     9 ||     9
